 Dungeon Crawl Stone Soup version 0.25-a0-478-g33c61bdccf (webtiles) character file.

Game seed: 12091811905384259350, levelgen mode: deterministic

3236 Esekla the Thaumaturge (level 9, -4/45 HPs)
             Began as a Deep Elf Wizard on Feb 7, 2020.
             Was a Follower of Vehumet.
             Slain by an orc warlord
             ... wielding a +1 broad axe
              (40 damage)
             ... in a bailey on Feb 8, 2020.
             The game lasted 01:03:23 (7337 turns).

Esekla the Thaumaturge (Deep Elf Wizard)            Turns: 7337, Time: 01:03:24

Health: -4/45      AC:  4    Str:  7    XL:     9   Next: 66%
Magic:  18/24      EV: 15    Int: 24    God:    Vehumet [*.....]
Gold:   347        SH:  0    Dex: 19    Spells: 17/27 levels left

rFire    . . .     SeeInvis .   l - +2 short sword (freeze)
rCold    . . .     Gourm    .   (no shield)
rNeg     . . .     Faith    .   v - +0 leather armour {rPois}
rPois    +         Spirit   .   b - +0 hat
rElec    .         Reflect  .   x - +0 cloak {+Inv}
rCorr    .         Harm     .   (no gloves)
MR       .....                  (no boots)
Stlth    ++........             c - amulet of regeneration
HPRegen  0.55/turn              r - +6 ring of dexterity
MPRegen  0.19/turn              (no ring)

@: no status effects
A: no striking features
a: Renounce Religion, Evoke Invisibility


You were in a bailey.
You worshipped Vehumet.
Vehumet was aware of your devotion.
You were not hungry.

You visited 2 branches of the dungeon, and saw 8 of its levels.
You also visited: Sewer and Bailey.

You collected 347 gold pieces.

Inventory:

Hand Weapons
 l - a +2 short sword of freezing (weapon)
 n - the +7 spear of the Beast {protect, rF+}
   (You found it on level 5 of the Dungeon)

   It grants its wielder temporary protection when it strikes (+7 to AC).
   It protects you from fire.
 w - a +0 falchion
 J - the +6 hunting sling "Qeorhih" {freeze, rPois Str+7 Int-3 Dex+2, unknown}
   (You found it on level 6 of the Dungeon)

   It causes projectiles fired from it to freeze those they strike, causing
   extra injury to most foes and up to half again as much damage against
   particularly susceptible opponents.
   They can also slow down cold-blooded creatures.
   It affects your strength (+7).
   It affects your intelligence (-3).
   It affects your dexterity (+2).
   It protects you from poison.
Missiles
 j - 6 poisoned darts (quivered)
 z - 3 boomerangs of dispersal
 H - 9 boomerangs
Armour
 a - a +0 robe
 b - a +0 hat (worn)
 h - a +2 leather armour of fire resistance
 v - a +0 leather armour of poison resistance (worn)
 x - a +0 cloak of invisibility (worn)
Jewellery
 c - an amulet of regeneration (around neck)
 r - a +6 ring of dexterity (left hand)
 I - an uncursed amulet of the gourmand {unknown}
Wands
 m - a wand of iceblast (11)
 G - a wand of acid (9)
Scrolls
 i - 2 scrolls of magic mapping
 p - 2 scrolls of enchant weapon {unknown}
 y - 3 scrolls of teleportation {unknown}
 A - a scroll of noise {unknown}
 B - a scroll of enchant armour {unknown}
 C - 3 scrolls of amnesia {unknown}
 E - a scroll of immolation {unknown}
 F - a scroll of silence {unknown}
 K - a scroll of fear {unknown}
 L - a scroll of remove curse
Potions
 e - a potion of brilliance
 f - a potion of cancellation {unknown}
 g - 5 potions of curing
 k - 2 potions of flight
 o - a potion of might {unknown}
 q - 2 potions of invisibility
 s - 3 potions of haste
 t - a potion of ambrosia {unknown}
 u - 5 potions of heal wounds
 D - a potion of berserk rage {unknown}
Comestibles
 d - 19 rations


   Skills:
 * Level 3.1 Short Blades
 * Level 3.1 Armour
 * Level 5.7 Dodging
 - Level 2.4 Stealth
 * Level 9.9 Spellcasting
 + Level 4.2 Conjurations
   Level 1.1 Summonings
 + Level 4.5 Translocations
 + Level 4.0 Fire Magic
 + Level 3.5 Air Magic
 + Level 4.3 Poison Magic
 * Level 3.6 Evocations


You had 17 spell levels left.
You knew the following spells:

 Your Spells              Type           Power        Failure   Level  Hunger
a - Magic Dart            Conj           ####         1%          1    None
b - Blink                 Tloc           N/A          1%          2    None
c - Mephitic Cloud        Conj/Pois/Air  ####....     4%          3    None
e - Shock                 Conj/Air       ####         1%          1    None
f - Conjure Flame         Conj/Fire      ####....     4%          3    None

Your spell library contained the following spells:

 Spells                   Type           Power        Failure   Level  Hunger
 Call Imp                 Summ           ###.....     8%          2    None
 Slow                     Hex            ##......     12%         2    None


Dungeon Overview and Level Annotations

Branches:
Dungeon (7/15)             Temple (1/1) D:5           Sewer (visited)
 Bailey (1/1)

Altars:
Ashenzari
Cheibriados
Dithmenos
Elyvilon
Fedhas
Gozag
Hepliaklqana
Kikubaaqudgha
Makhleb
Nemelex Xobeh
Okawaru
Qazlal
Ru
Sif Muna
Trog
Uskayaw
Vehumet
Wu Jian
Xom
Yredelemnul
Zin
The Shining One


Message History

Confirm with . or Enter, or press ? or * to list all spells.
Aiming: Magic Dart (safe; 1% risk of failure)
Press: ? - help, Shift-Dir - straight line, f/p - gnoll
Aim: a gnoll, wielding a +0 war axe and wearing a cursed +0 leather armour (severely wounded)
The magic dart hits the gnoll.
You kill the gnoll!
Vehumet accepts your kill.
Items here: )) [[ a +0 war axe; a cursed +0 leather armour; a +0 war axe; a +0 leather armour
Things that are here:
a +0 hand axe; a +0 leather armour; a hobgoblin corpse
j - 5 poisoned darts (gained 1)
j - 6 poisoned darts (gained 1)
An orc warlord comes into view. It is wielding a +1 broad axe.
The orc warlord barely misses you.
There is an open door, spattered with blood here.
Items here: ))) [[[ ÷ † The orc warlord hits you with a +1 broad axe!!!
Ouch! That really hurt!
You die...

........)# .)......###
## #...).###.### ##.##
###.#)#.....###
##.....
###..)).....###.......
#.....).))..#........
#......))...#....(...
#.....⌠..)).#o.(..⌠..
#...........)@.(.....
#...........#.....(..
##....)....###.......
###.....### ##.....
###.### ##.## ### #


You could see an orc warlord.

Vanquished Creatures
  Pikel (D:5)
  A troll (D:7)
  Prince Ribbit (D:6)
  Duvessa (D:5)
  An ice beast (D:6)
  4 orc warriors
  A slave (D:5)
  A necrophage (D:7)
  3 ogres
  2 centaurs (D:6)
  A big kobold (Sewer)
  4 scorpions
  Dowan (D:5)
  2 centaur zombies
  2 crimson imps (D:5)
  A bullfrog zombie (D:7)
  A hound (D:6)
  Crazy Yiuf (D:3)
  2 orc priests
  Jessica (D:3)
  An iguana (D:6)
  An orc wizard (D:3)
  5 worker ants
  A killer bee zombie (D:5)
  3 hound skeletons
  A hound zombie (D:5)
  9 adders
  7 gnolls
  4 river rats
  2 shadow imps
  An adder zombie (D:6)
  2 worms
  3 dart slugs
  5 leopard geckos
  22 orcs
  7 giant cockroaches
  19 goblins
  14 hobgoblins
  15 jackals
  3 quokkas
  3 ball pythons
  10 bats
  7 frilled lizards
  11 kobolds
  14 rats
  A fungus (D:3)
203 creatures vanquished.

Notes
Turn   | Place    | Note
-------+----------+-------------------------------------------
     0 | D:1      | Esekla the Deep Elf Wizard began the quest for the Orb.
     0 | D:1      | Reached XP level 1. HP: 10/10 MP: 7/7
   193 | D:1      | Reached XP level 2. HP: 14/15 MP: 6/9
   197 | D:1      | Learned a level 2 spell: Blink
   371 | D:1      | Reached skill level 5 in Spellcasting
   589 | D:1      | Reached XP level 3. HP: 19/19 MP: 5/11
   594 | D:1      | Learned a level 3 spell: Mephitic Cloud
   598 | D:1      | Learned a level 3 spell: Conjure Flame
  1210 | D:2      | Noticed a scorpion
  1225 | D:2      | Killed a scorpion
  1225 | D:2      | Reached XP level 4. HP: 24/24 MP: 4/13
  1286 | D:2      | Reached skill level 1 in Fire Magic
  1318 | D:2      | Reached skill level 6 in Spellcasting
  1371 | D:2      | Found a burning altar of Makhleb.
  1371 | D:2      | Noticed a balrug
  1813 | D:2      | Reached skill level 1 in Poison Magic
  2078 | D:2      | Reached XP level 5. HP: 28/28 MP: 1/15
  2208 | D:3      | Noticed Jessica
  2218 | D:3      | Killed Jessica
  2504 | D:3      | Reached skill level 1 in Air Magic
  3124 | D:3      | Reached XP level 6. HP: 32/32 MP: 11/17
  3274 | D:3      | Found a runed translucent door.
  3275 | D:3      | Noticed Crazy Yiuf
  3294 | D:3      | Killed Crazy Yiuf
  3437 | D:4      | Reached skill level 7 in Spellcasting
  3605 | D:4      | Reached XP level 7. HP: 27/36 MP: 14/19
  3887 | D:4      | Reached skill level 1 in Short Blades
  3887 | D:4      | Reached skill level 1 in Evocations
  4046 | D:5      | Entered Level 5 of the Dungeon
  4276 | D:5      | Reached skill level 1 in Armour
  4426 | D:5      | Found a glowing drain.
  4554 | Sewer    | Entered a sewer
  4799 | Sewer    | Found a white marble altar of Elyvilon.
  5005 | D:5      | Got a translucent spear
  5073 | D:5      | Noticed Duvessa
  5114 | D:5      | Identified the +7 spear of the Beast {protect, rF+} (You
                  | found it on level 5 of the Dungeon)
  5216 | D:5      | Noticed Dowan
  5228 | D:5      | Killed Dowan
  5228 | D:5      | Reached skill level 8 in Spellcasting
  5228 | D:5      | Reached XP level 8. HP: 39/41 MP: 13/22
  5242 | D:5      | Killed Duvessa
  5317 | D:5      | Found a staircase to the Ecumenical Temple.
  5323 | Temple   | Entered the Ecumenical Temple
  5412 | Temple   | Became a worshipper of Vehumet
  5425 | Temple   | Upgraded the game from 0.25-a0-474-ga8a2ee3166 to
                  | 0.25-a0-478-g33c61bdccf
  5737 | D:6      | Noticed Prince Ribbit
  5753 | D:6      | Killed Prince Ribbit
  5795 | D:6      | Found a basalt altar of Yredelemnul.
  5802 | D:6      | Got a scorched hunting sling
  5972 | D:6      | Reached skill level 5 in Dodging
  6015 | D:6      | Noticed Pikel
  6492 | D:6      | Reached XP level 9. HP: 45/45 MP: 14/23
  6698 | D:5      | Killed Pikel
  6698 | D:5      | Reached skill level 9 in Spellcasting
  6827 | D:7      | Found a flagged portal.
  6832 | D:7      | Noticed a troll
  6848 | D:7      | Killed a troll
  6932 | Bailey   | Entered a bailey
  6962 | Bailey   | Reached * piety under Vehumet
  6962 | Bailey   | Offered knowledge of Shock by Vehumet.
  6994 | Bailey   | Learned a level 1 spell: Shock
  7336 | Bailey   | Noticed an orc warlord
  7337 | Bailey   | Slain by an orc warlord

Levels and vault maps discovered:
D:1:      roderic_crossed_star, layout_loops_ring
D:2:      layout_basic, makhleb_altar_promises_db, first_ration
D:3:      layout_loops_corners, uniq_jessica, uniq_crazy_yiuf_cottage
D:4:      layout_loops_ring, corexii_corridor_pit
D:5:      layout_gridville, minmay_temple_entry_fiery, portal_sewer_entry_e,
          kennysheep_generic_room_10, uniq_duvessa
D:6:      layout_basic, basic_altar, dk_rats_in_the_wall, uniq_pikel,
          uniq_prince_ribbit1
D:7:      minmay_chambers_of_fours, layout_loops_ring, enter_bailey_2
Temple:   grunt_wide_crystal_templ
Bailey:   bailey_axe_minmay_hex_keep, bailey

Skill      XL: |  1  2  3  4  5  6  7  8  9 |
---------------+----------------------------+-----
Dodging        | 3 4 5 |  5.7
Spellcasting   | 5 6 7 8 9 |  9.9
Fire Magic     | 1 2 3 4 |  4.0
Translocations | 2 3 4 |  4.5
Poison Magic   | 1 2 3 4 |  4.3
Air Magic      | 1 2 3 |  3.5
Conjurations   | 2 3 4 |  4.2
Short Blades   | 1 2 3 |  3.1
Evocations     | 1 2 3 |  3.6
Armour         | 1 2 3 |  3.1
Stealth        | |  2.4
Summonings     | |  1.1

Action                   |  1- 3 |  4- 6 |  7- 9 || total
-------------------------+-------+-------+-------++-------
Melee: Unarmed           |     4 |       |       ||     4
       Dagger            |    12 |       |       ||    12
       Short sword       |     6 |    86 |   158 ||   250
       Spear             |       |       |    31 ||    31
       Falchion          |       |       |     1 ||     1
Throw: Dart              |       |     8 |    72 ||    80
 Cast: Magic Dart        |    63 |   132 |   238 ||   433
       Mephitic Cloud    |     1 |     9 |    27 ||    37
       Conjure Flame     |     1 |     1 |     6 ||     8
       Blink             |       |     5 |    10 ||    15
 Abil: Evoke Invisibilit |       |       |     2 ||     2
  Use: Scroll            |       |       |     9 ||     9
 Stab: Sleeping          |     5 |     8 |     8 ||    21
       Confused          |       |     5 |    17 ||    22
       Invisible         |       |       |     2 ||     2
  Eat: Chunk             |       |     8 |    13 ||    21
Armor: Robe              |     2 |    17 |       ||    19
       Leather armour    |       |     6 |    24 ||    30
Dodge: Dodged            |    23 |    80 |   148 ||   251
       Rpst.: Falchion   |       |       |     1 ||     1

Table legend:
 A = Non-vault XP
 B = Vault XP
 C = Vault XP percentage of total XP
 D = Non-vault monster count
 E = Vault monster count
 F = Vault count percentage of total count
                 A         B        C        D         E       F
            +---------+---------+-------+---------+---------+-------
      Total |    2713 |    1910 |  41.3 |     146 |      55 |  27.4
            +---------+---------+-------+---------+---------+-------
        D:1 |      48 |       0 |   0.0 |      30 |       0 |   0.0
        D:2 |     160 |       0 |   0.0 |      26 |       0 |   0.0
        D:3 |     154 |      78 |  33.6 |      30 |       2 |   6.2
        D:4 |     525 |       0 |   0.0 |      18 |       0 |   0.0
        D:5 |     321 |     939 |  74.5 |      15 |      11 |  42.3
        D:6 |     942 |     274 |  22.5 |      22 |       1 |   4.3
        D:7 |     563 |       0 |   0.0 |       5 |       0 |   0.0
      Sewer |       0 |     116 | 100.0 |       0 |      11 | 100.0
     Bailey |       0 |     503 | 100.0 |       0 |      30 | 100.0
            +---------+---------+-------+---------+---------+-------
